 Dungeon Sprint DCSS version 0.26-a0-958-gf3041fb45f (webtiles) character file.

Game seed: 3265293752880536982

128750420 mhtbhm the Conqueror (level 24, 181/181 HPs)
             Began as a Gargoyle Fighter on Nov 30, 2020.
             Was the Champion of Okawaru.
             Escaped with the Orb
             ... and 17 runes!
             The game lasted 00:32:49 (14160 turns).

mhtbhm the Conqueror (Gargoyle Fighter)            Turns: 14160, Time: 00:32:50

Health: 181/181    AC: 66    Str: 50    XL:     24   Next: 21%
Magic:  40/40      EV: 19    Int: 16    God:    Okawaru [******]
Gold:   44         SH: 34    Dex:  7    Spells: 25/25 levels left

rFire    + + .     SeeInvis +   v - +9 eudemon blade (holy)
rCold    + + .     Faith    .   c - +3 tower shield {reflect}
rNeg     + . .     Spirit   .   p - +10 gold dragon scales
rPois    ∞         Reflect  +   y - +0 helmet {SInv}
rElec    +         Harm     .   o - +0 cloak
rCorr    .         Rampage  +   k - +1 pair of gloves {Str+3}
MR       +....     NoTele   +   t - +1 pair of boots {rampage}
Stlth    +.........             J - amulet of the Traitor {RegenMP *Corrode rElec rPois Str+7}
HPRegen  0.80/turn              K - ring of the Shouting Pariah {rC+ Int+3 Slay+2}
MPRegen  0.52/turn              L - ring of Nobility {*Corrode rElec rF+ Str+9 Int+3}

@: no status effects
A: big wings, see invisible, clumsy 1, mutation resistance 1, negative energy
resistance 1, regeneration 1, electricity resistance, unbreathing, petrification
resistance, rot immunity, subdued magic 1, sturdy frame 1, AC +18
0: Orb of Zot
}: 17/17 runes: decaying, serpentine, barnacled, slimy, elven, silver, golden,
iron, obsidian, icy, bone, abyssal, glowing, magical, fiery, dark, gossamer
a: Fly, Heroism, Finesse, Renounce Religion


You escaped.
You worshipped Okawaru.
Okawaru was exalted by your worship.
You visited 1 branch You collected 1962 gold pieces.
You spent 1918 gold pieces at shops.

Inventory:

Hand Weapons
 a - a +7 vampiric demon whip
 v - a +9 eudemon blade of holy wrath (weapon)
Missiles
 x - 8 curare-tipped darts (quivered)
 z - 4 datura-tipped darts
 D - 25 javelins
Armour
 b - the +6 plate armour of the Slug {rC+ rN+ Int-4}
   (You bought it in a shop in the Dungeon)

   It affects your intelligence (-4).
   It protects you from cold.
   It protects you from negative energy.
 c - a +3 tower shield of reflection (worn)
 k - a +1 pair of gloves of strength (worn)
 o - a +0 cloak (worn)
 p - +10 gold dragon scales (worn)
 t - a +1 pair of boots of rampaging (worn)
 y - a +0 helmet of see invisible (worn)
Jewellery
 H - an uncursed amulet of regeneration
 J - the amulet of the Traitor (around neck) {RegenMP *Corrode rElec rPois Str+7}
   (You found it in the Dungeon)

   [amulet of magic regeneration]

   It increases your magic regeneration.
   It affects your strength (+7).
   It insulates you from electricity.
   It protects you from poison.
   It may corrode you when you take damage.
 K - the ring of the Shouting Pariah (left hand) {rC+ Int+3 Slay+2}
   (You found it in the Dungeon)

   [ring of protection from cold]

   It affects your intelligence (+3).
   It affects your accuracy and damage with ranged weapons and melee attacks
   (+2).
   It protects you from cold.
 L - the ring of Nobility (right hand) {*Corrode rElec rF+ Str+9 Int+3}
   (You found it in the Dungeon)

   [ring of protection from fire]

   It affects your strength (+9).
   It affects your intelligence (+3).
   It protects you from fire.
   It insulates you from electricity.
   It may corrode you when you take damage.
Wands
 n - a wand of iceblast (4)
Scrolls
 j - a scroll of blinking
 l - 4 scrolls of remove curse
 m - 2 scrolls of amnesia
 q - 7 scrolls of identify
 u - 2 scrolls of fog
 w - 2 scrolls of fear
Potions
 d - 3 potions of brilliance
 e - 2 potions of curing
 f - 5 potions of heal wounds
 g - 7 potions of haste
 h - 9 potions of magic
 r - a potion of might
 B - a potion of ambrosia
Miscellaneous
 s - the horn of Geryon


   Skills:
 O Level 27 Fighting
 + Level 3.2(18.9) Short Blades
 O Level 27 Long Blades
 + Level 3.1(17.7) Axes
 O Level 27 Maces & Flails
 + Level 3.1(16.8) Polearms
 * Level 25.6(27) Staves
 + Level 2.2(18.8) Slings
 - Level 1.2 Bows
 - Level 1.4 Crossbows
 O Level 27 Throwing
 O Level 27 Armour
 O Level 27 Dodging
 O Level 27 Stealth
 O Level 27 Shields
 - Level 1.4 Unarmed Combat
 - Level 1.2 Spellcasting
 - Level 1.5 Conjurations
 - Level 1.2 Hexes
 - Level 1.2 Summonings
 - Level 1.1 Necromancy
 - Level 1.2 Translocations
 - Level 1.2 Transmutations
 - Level 1.3 Fire Magic
 - Level 1.3 Ice Magic
 - Level 1.1 Air Magic
 - Level 1.7 Earth Magic
 - Level 1.5 Poison Magic
 O Level 27 Invocations
 * Level 23.8 Evocations


You had 25 spell levels left.
You didn't know any spells.
Your spell library contained the following spells:

 Spells                   Type           Power        Failure   Level
 Apportation              Tloc           #.....       28%         1
 Blink                    Tloc           N/A          38%         2
 Gell's Gravitas          Tloc           #.........   63%         3
 Lesser Beckoning         Tloc           #.........   63%         3
 Portal Projectile        Hex/Tloc       #.....       63%         3
 Dispersal                Tloc           #.........   100%        6
 Simulacrum               Ice/Necr       #.........   100%        6
 Disjunction              Tloc           #.........   100%        8


Dungeon Overview and Level Annotations

Branches:
Dungeon (1/1)

Altars:
Cheibriados
Dithmenos
Elyvilon
Fedhas
Gozag
Hepliaklqana
Kikubaaqudgha
Makhleb
Nemelex Xobeh
Okawaru
Qazlal
Ru
Sif Muna
Trog
Uskayaw
Vehumet
Wu Jian
Xom
Yredelemnul
Zin
The Shining One
Beogh
Jiyva
Lugonu

Shops:
D [![*


Innate Abilities, Weirdness & Mutations

You are resistant to torment.
Your stone body is resilient. (AC +18)
You are immune to poison.
Your large and strong wings let you fly indefinitely.
You resist negative energy. (rN+)
You are resistant to electric shocks. (rElec)
You can survive without breathing.
You are immune to petrification.
You are immune to rotting.
You have supernaturally acute eyesight. (SInv)
You are clumsy. (Dex -2)
You are somewhat resistant to further mutation.
Your natural rate of healing is unusually fast.
Your spells are a little easier to cast, but a little less powerful.
Your movements are slightly less encumbered by armour. (ER -2)


Message History

There is a stormy altar of Qazlal here.
There is an iron altar of Okawaru here.
There is a sparkling altar of Nemelex Xobeh here.
There is a burning altar of Makhleb here.
There is a corrupted altar of Lugonu here.
There is an ancient bone altar of Kikubaaqudgha here.
There is a hazy altar of Hepliaklqana here.
There is an opulent altar of Gozag here.
There is a blossoming altar of Fedhas here.
There is a white marble altar of Elyvilon here.
There is a shadowy altar of Dithmenos here.
There is a snail-covered altar of Cheibriados here.
There is a roughly hewn altar of Beogh here.
There is an open door to the Temple here.
There is an open door, spattered with blood here.
There is an open door to the Dungeon here.
Things that are here:
a +0 short sword; a cursed -1 club; a +0 club
There is a staircase leading out of the dungeon here.
You have escaped!

▓.▓.▓.▓.▓.▓.▓=▓.▓.
▓.▓.▓'▓.▓.▓.▓.▓.▓.
▓.▓.▓.▓.▓.▓.▓.▓.▓.
▓.▓.▓.▓.▓.▓.▓.▓.▓.
▓)▓.▓.▓.▓.▓.▓.▓.▓.
▓.▓.▓.▓.▓.▓.▓.▓.▓.
▓.▓.▓.▓.▓.▓.▓.▓.▓.
▓.▓.▓.▓.▓.▓.▓.▓.▓.
▓@▓...▓...▓...▓...
▓▓▓▓▓▓▓▓▓▓▓▓▓▓▓▓▓▓


There were no monsters in sight!

Vanquished Creatures
  Cerebov (D)
  Antaeus (D)
  Asmodeus (D)
  the Royal Jelly (D)
  Gloorx Vloq (D)
  Ereshkigal (D)
  Lom Lobon (D)
  Mnoleg (D)
  8 ancient liches (D)
  Dispater (D)
  Mennas (D)
  Mara (D)
  4 orbs of fire (D)
  5 royal mummies (D)
  Boris (D)
  A Killer Klown (D)
  Saint Roka (D)
  A pandemonium lord (D)
  Nikola (D)
  5 golden dragons (D)
  A profane servitor (D)
  Geryon (D)
  4 electric golems (D)
  2 Hell Sentinels (D)
  A Brimstone Fiend (D)
  6 tentacled monstrosities (D)
  35 Orb Guardians (D)
  2 liches (D)
  An Ice Fiend (D)
  A quicksilver dragon (D)
  A titan (D)
  3 deep elf blademasters (D)
  7 acid blobs (D)
  Rupert (D)
  Gastronok (D)
  A deep elf master archer (D)
  13 sphinxes (D)
  An Executioner (D)
  2 death cobs (D)
  7 shadow dragons (D)
  A tentacled starspawn (D)
  Kirke (D)
  Donald (D)
  8 nagarajas (D)
  2 draconian monks (D)
  A warmonger (D)
  7 azure jellies (D)
  A storm dragon (D)
  Ilsuiw (D)
  4 frost giants (D)
  2 fire giants (D)
  Aizul (D)
  2 draconian knights (D)
  A draconian scorcher (D)
  A deep elf sorcerer (D)
  A draconian stormcaller (D)
  A ghost moth (D)
  4 emperor scorpions (D)
  3 draconian annihilators (D)
  4 ironheart preservers (D)
  A draconian shifter (D)
  3 green draconians (D)
  A starcursed mass (D)
  A reaper (D)
  A very ugly thing (D)
  3 stone giants (D)
  6 vampire knights (D)
  5 black draconians (D)
  A deep elf demonologist (D)
  2 yellow draconians (D)
  A black sun (D)
  2 purple draconians (D)
  A lorocyproca (D)
  2 red draconians (D)
  A bunyip (D)
  4 deep elf annihilators (D)
  4 white draconians (D)
  A spark wasp (D)
  5 merfolk impalers (D)
  2 fire dragons (D)
  5 ettins (D)
  4 deep elf death magi (D)
  4 ogre magi (D)
  A merfolk javelineer (D)
  4 great orbs of eyes (D)
  4 mummy priests (D)
  A yaktaur captain (D)
  8 death oozes (D)
  25 vault guards (D)
  A monstrous demonspawn (D)
  7 hydras (D)
  3 ice dragons (D)
  Harold (D)
  A rakshasa (D)
  A boulder beetle (D)
  A centaur warrior (D)
  2 naga warriors (D)
  4 merfolk avatars (D)
  A two-headed ogre (D)
  2 merfolk aquamancers (D)
  5 tengu warriors (D)
  2 alligators (D)
  3 hell hogs (D)
  A deep troll shaman (D)
  2 deep troll earth magi (D)
  A sun demon (D)
  2 large abominations (D)
  2 sea snakes (D)
  A shadow wraith (D)
  A goliath frog (D)
  A flayed ghost (D)
  2 unseen horrors (D)
  A torturous demonspawn (D)
  2 gelid demonspawn (D)
  8 swamp dragons (D)
  3 ironbrand convokers (D)
  A harpy (shapeshifter) (D)
  4 orc knights (D)
  A necromancer (D)
  A mana viper (D)
  An orb spider (D)
  2 deep elf magi (D)
  A harpy (D)
  7 orc sorcerers (D)
  7 wolf spiders (D)
  6 ugly things (D)
  A manticore (D)
  10 moths of wrath (D)
  An elephant (D)
  3 naga magi (D)
  4 guardian serpents (D)
  A smoke demon (D)
  3 vault sentinels (D)
  3 black mambas (D)
  A rust devil (D)
  A torpor snail (D)
  3 cane toads (D)
  2 freezing wraiths (D)
  2 efreet (D)
  A yaktaur (D)
  2 demonic crawlers (D)
  2 komodo dragons (D)
  5 hellwings (D)
  A red devil (D)
  19 guardian mummies (D)
  An ancient zyme (D)
  2 merfolk (D)
  A wandering mushroom (D)
  3 tyrant leeches (D)
  A wind drake (D)
  2 blink frogs (D)
  2 jumping spiders (D)
  2 raiju (D)
  2 yaks (D)
  3 redbacks (D)
  11 spriggans (D)
  A water elemental (D)
  2 wyverns (D)
  A hog (D)
  3 tarantellas (D)
  A yak (shapeshifter) (D)
  A human (shapeshifter) (D)
  2 golden eyes (D)
  3 vampire mosquitoes (D)
  A steam dragon (D)
  2 nagas (D)
  2 floating eyes (D)
  2 water moccasins (D)
  13 orc warriors (D)
  A swamp drake (D)
  4 eyes of draining (D)
  2 ice beasts (D)
  A boggart (D)
  6 bullfrogs (D)
  A scorpion (D)
  A quasit (D)
  2 jellies (D)
  9 orc wizards (D)
  3 orc priests (D)
  2 worker ants (D)
  An iguana (D)
  2 small abominations (D)
  An adder (D)
  A white imp (D)
  An ufetubus (D)
  An adder zombie (D)
  A ball lightning (D)
  13 orcs (D)
  A goblin (D)
  2 hobgoblins (D)
  A jackal (D)
  A kobold (D)
  A rat (D)
  A fire vortex (D)
  A starspawn tentacle (D)
561 creatures vanquished.

Vanquished Creatures (others)
  2 merfolk aquamancers (D)
  4 humans (D)
  A naga (D)
  2 ball lightnings (D)
9 creatures vanquished.

Grand Total: 570 creatures vanquished

Notes
Turn   | Place    | Note
-------+----------+-------------------------------------------
     0 | D        | mhtbhm the Gargoyle Fighter began the quest for the Orb.
     0 | D        | Reached XP level 1. HP: 14/14 MP: 1/1
    28 | D        | Noticed an iguana
    28 | D        | Noticed a jelly
    30 | D        | Killed a jelly
    31 | D        | Reached XP level 2. HP: 18/20 MP: 2/2
    31 | D        | Reached XP level 3. HP: 23/25 MP: 3/3
    38 | D        | Reached skill level 5 in Fighting
    38 | D        | Reached skill level 5 in Armour
    38 | D        | Reached skill level 5 in Shields
    38 | D        | Reached XP level 4. HP: 19/31 MP: 4/4
   181 | D        | Found a roughly hewn altar of Beogh.
   181 | D        | Found a snail-covered altar of Cheibriados.
   181 | D        | Found a shadowy altar of Dithmenos.
   181 | D        | Found a white marble altar of Elyvilon.
   181 | D        | Found a blossoming altar of Fedhas.
   181 | D        | Found an opulent altar of Gozag.
   182 | D        | Found a hazy altar of Hepliaklqana.
   183 | D        | Found a viscous altar of Jiyva.
   184 | D        | Found an ancient bone altar of Kikubaaqudgha.
   185 | D        | Found a corrupted altar of Lugonu.
   186 | D        | Found a burning altar of Makhleb.
   187 | D        | Found a sparkling altar of Nemelex Xobeh.
   188 | D        | Found an iron altar of Okawaru.
   189 | D        | Found a stormy altar of Qazlal.
   190 | D        | Found a sacrificial altar of Ru.
   191 | D        | Found a shimmering blue altar of Sif Muna.
   192 | D        | Found a bloodstained altar of Trog.
   193 | D        | Found a hide-covered altar of Uskayaw.
   194 | D        | Found a radiant altar of Vehumet.
   195 | D        | Found an ornate altar of the Wu Jian Council.
   196 | D        | Found a shimmering altar of Xom.
   198 | D        | Became a worshipper of Warmaster Okawaru
   200 | D        | Found a basalt altar of Yredelemnul.
   201 | D        | Found a glowing silver altar of Zin.
   202 | D        | Found a glowing golden altar of the Shining One.
   255 | D        | Noticed an ice beast
   267 | D        | Killed an ice beast
   268 | D        | Reached XP level 5. HP: 38/38 MP: 5/5
   275 | D        | Reached * piety under Okawaru
   282 | D        | Reached XP level 6. HP: 44/44 MP: 6/6
   388 | D        | Noticed an orc warrior
   388 | D        | Noticed an eye of draining
   388 | D        | Noticed an ice beast
   388 | D        | Noticed a purple ugly thing
   388 | D        | Noticed a yak
   394 | D        | Killed a yak
   395 | D        | Reached XP level 7. HP: 43/49 MP: 2/7
   402 | D        | Killed a purple ugly thing
   402 | D        | Reached ** piety under Okawaru
   403 | D        | Reached skill level 1 in Dodging
   406 | D        | Reached XP level 8. HP: 42/56 MP: 0/8
   584 | D        | Noticed a yak
   584 | D        | Noticed a komodo dragon
   584 | D        | Noticed a cane toad
   586 | D        | Noticed a yak
   605 | D        | Killed a cane toad
   605 | D        | Reached *** piety under Okawaru
   605 | D        | Received a gift from Okawaru
   609 | D        | Noticed a torpor snail
   621 | D        | Killed a komodo dragon
   622 | D        | Reached skill level 10 in Shields
   622 | D        | Reached XP level 9. HP: 13/62 MP: 9/9
   630 | D        | Reached skill level 10 in Fighting
   639 | D        | Reached **** piety under Okawaru
   648 | D        | Killed a torpor snail
   808 | D        | Noticed a black mamba
   808 | D        | Noticed a black mamba
   808 | D        | Noticed a komodo dragon
   808 | D        | Noticed an elephant
   808 | D        | Noticed a cane toad
   809 | D        | Noticed a six-headed hydra
   814 | D        | Killed a cane toad
   823 | D        | Killed an elephant
   823 | D        | Reached ***** piety under Okawaru
   824 | D        | Reached skill level 15 in Maces & Flails
   824 | D        | Reached XP level 10. HP: 68/68 MP: 10/10
   831 | D        | Received a gift from Okawaru
   841 | D        | Killed a six-headed hydra
   842 | D        | Reached skill level 10 in Armour
   848 | D        | Killed a black mamba
   856 | D        | Killed a black mamba
   937 | D        | Noticed a cane toad
   941 | D        | Killed a cane toad
   971 | D        | Received a gift from Okawaru
  1136 | D        | Noticed Gastronok
  1154 | D        | Killed Gastronok
  1154 | D        | Reached ****** piety under Okawaru
  1154 | D        | Received a gift from Okawaru
  1155 | D        | Reached XP level 11. HP: 57/77 MP: 11/11
  1170 | D        | Got a twisted mace {god gift}
  1171 | D        | Identified the +6 mace of the Shining Light {drain, Int+5
                  | Stlth+} (Okawaru gifted it to you in the Dungeon)
  1281 | D        | Noticed an orc sorcerer
  1290 | D        | Killed an orc sorcerer
  1359 | D        | Noticed an orc knight
  1374 | D        | Killed an orc knight
  1375 | D        | Reached skill level 1 in Stealth
  1637 | D        | Found Ceoxt's Assorted Antiques.
  1637 | D        | Noticed an orc sorcerer
  1637 | D        | Noticed an orc sorcerer
  1637 | D        | Noticed an orc sorcerer
  1647 | D        | Noticed an orc sorcerer
  1649 | D        | Killed an orc sorcerer
  1656 | D        | Killed an orc sorcerer
  1657 | D        | Reached skill level 15 in Shields
  1657 | D        | Found Faifakh's Antique Armour Shop.
  1661 | D        | Killed an orc sorcerer
  1677 | D        | Killed an orc sorcerer
  1679 | D        | Found Zixtaevau's Distillery.
  1690 | D        | Noticed an orc sorcerer
  1702 | D        | Killed an orc sorcerer
  1702 | D        | Received a gift from Okawaru
  1744 | D        | Found Kalouc's Antique Armour Shop.
  1796 | D        | Bought an ancient plate armour for 868 gold pieces
  1801 | D        | Identified the +6 plate armour of the Slug {rC+ rN+ Int-4}
                  | (You bought it in a shop in the Dungeon)
  1805 | D        | Bought a glowing scarf for 136 gold pieces
  1805 | D        | Bought a runed helmet for 127 gold pieces
  1835 | D        | Bought a glowing helmet for 127 gold pieces
  1856 | D        | Bought a potion of might for 48 gold pieces
  1856 | D        | Bought a potion of haste for 120 gold pieces
  1860 | D        | Bought a metallic emerald potion for 27 gold pieces
  1860 | D        | Bought a potion of haste for 310 gold pieces
  1860 | D        | Bought an agate ring for 155 gold pieces
  2025 | D        | Noticed a tengu warrior
  2025 | D        | Noticed a two-headed ogre
  2032 | D        | Killed a two-headed ogre
  2033 | D        | Reached XP level 12. HP: 86/86 MP: 12/12
  2054 | D        | Noticed a tengu warrior
  2060 | D        | Killed a tengu warrior
  2060 | D        | Noticed a deep troll shaman
  2069 | D        | Noticed a deep troll earth mage
  2072 | D        | Noticed a tengu warrior
  2076 | D        | Killed a tengu warrior
  2076 | D        | Received a gift from Okawaru
  2077 | D        | Reached skill level 1 in Invocations
  2079 | D        | Noticed a great orb of eyes
  2082 | D        | Killed a deep troll shaman
  2083 | D        | Reached skill level 15 in Fighting
  2090 | D        | Killed a deep troll earth mage
  2091 | D        | Noticed a tengu warrior
  2097 | D        | Killed a tengu warrior
  2109 | D        | Killed a great orb of eyes
  2109 | D        | Received a gift from Okawaru
  2119 | D        | Killed a tengu warrior
  2344 | D        | Noticed a frost giant
  2362 | D        | Killed a frost giant
  2414 | D        | Noticed Donald
  2435 | D        | Killed Donald
  2606 | D        | Noticed Saint Roka
  2653 | D        | Killed Saint Roka
  2654 | D        | Reached XP level 13. HP: 42/95 MP: 13/13
  2931 | D        | Noticed a bunyip
  2949 | D        | Killed a bunyip
  2967 | D        | Received a gift from Okawaru
  3289 | D        | Noticed a nagaraja
  3315 | D        | Killed a nagaraja
  3351 | D        | Received a gift from Okawaru
  3352 | D        | Reached skill level 5 in Dodging
  3474 | D        | Noticed a merfolk impaler
  3481 | D        | Noticed a merfolk javelineer
  3533 | D        | Killed a merfolk impaler
  3547 | D        | Gained mutation: Your large and strong wings let you fly
                  | indefinitely. [Gargoyle growth]
  3547 | D        | Reached XP level 14. HP: 63/104 MP: 14/14
  3744 | D        | Noticed Harold
  3752 | D        | Killed Harold
  3822 | D        | Noticed a sphinx
  3822 | D        | Noticed a purple very ugly thing
  3822 | D        | Noticed a stone giant
  3849 | D        | Killed a stone giant
  3858 | D        | Killed a purple very ugly thing
  4385 | D        | Paralysed by a sphinx for 5 turns
  4396 | D        | Paralysed by a sphinx for 5 turns
  4407 | D        | Killed a sphinx
  4407 | D        | Received a gift from Okawaru
  4408 | D        | Reached skill level 1 in Throwing
  4643 | D        | Reached skill level 1 in Evocations
  4661 | D        | Reached skill level 15 in Armour
  4770 | D        | Received a gift from Okawaru
  4976 | D        | Noticed an ironheart preserver
  5025 | D        | Killed an ironheart preserver
  5031 | D        | Noticed an ironheart preserver
  5042 | D        | Noticed an ironheart preserver
  5086 | D        | Killed an ironheart preserver
  5087 | D        | Reached XP level 15. HP: 68/115 MP: 15/15
  5357 | D        | Noticed Rupert
  5370 | D        | Killed Rupert
  5370 | D        | Received a gift from Okawaru
  5615 | D        | Noticed Boris
  5643 | D        | Killed Boris
  5673 | D        | Noticed Mara
  5676 | D        | Noticed mhtbhm's illusion
  5723 | D        | Noticed mhtbhm's illusion
  5790 | D        | Noticed mhtbhm's illusion
  5847 | D        | Noticed mhtbhm's illusion
  5870 | D        | Noticed mhtbhm's illusion
  5871 | D        | Killed Mara
  5911 | D        | Noticed an emperor scorpion
  5911 | D        | Noticed an emperor scorpion
  5936 | D        | Noticed an emperor scorpion
  5965 | D        | Killed an emperor scorpion
  5989 | D        | Killed an emperor scorpion
  6024 | D        | Killed an emperor scorpion
  6028 | D        | Noticed an emperor scorpion
  6052 | D        | Killed an emperor scorpion
  6068 | D        | Got a gossamer rune of Zot
  6077 | D        | Noticed a nagaraja
  6077 | D        | Noticed a nagaraja
  6077 | D        | Noticed a nagaraja
  6078 | D        | Noticed a nagaraja
  6088 | D        | Noticed a nagaraja
  6099 | D        | Killed a nagaraja
  6114 | D        | Killed a nagaraja
  6114 | D        | Received a gift from Okawaru
  6130 | D        | Noticed a nagaraja
  6131 | D        | Killed a nagaraja
  6154 | D        | Killed a nagaraja
  6161 | D        | Killed a nagaraja
  6162 | D        | Noticed a nagaraja
  6173 | D        | Killed a nagaraja
  6173 | D        | Received a gift from Okawaru
  6174 | D        | Reached XP level 16. HP: 122/128 MP: 18/18
  6188 | D        | Killed a nagaraja
  6228 | D        | Got a serpentine rune of Zot
  6300 | D        | Reached skill level 5 in Throwing
  6311 | D        | Noticed Ilsuiw
  6364 | D        | Killed Ilsuiw
  6384 | D        | Received a gift from Okawaru
  6427 | D        | Got a fine kite shield {god gift}
  6433 | D        | Identified the +4 kite shield of Weightlessness {rC+ MR+
                  | Str-5 Dex+3} (Okawaru gifted it to you in the Dungeon)
  6452 | D        | Got a barnacled rune of Zot
  6578 | D        | Got a decaying rune of Zot
  6810 | D        | Reached skill level 27 in Fighting
  6899 | D        | Reached skill level 27 in Maces & Flails
  6982 | D        | Received a gift from Okawaru
  7015 | D        | Reached XP level 17. HP: 139/139 MP: 19/19
  7122 | D        | Noticed a lich
  7160 | D        | Received a gift from Okawaru
  7180 | D        | Reached skill level 10 in Throwing
  7194 | D        | Killed a lich
  7271 | D        | Noticed an ancient lich
  7283 | D        | Noticed a titan
  7290 | D        | Paralysed by an ancient lich for 6 turns
  7292 | D        | Identified the ring "Litiloff" {Fire *Drain +Blink Int+4}
  7303 | D        | Killed an ancient lich
  7304 | D        | Reached skill level 10 in Dodging
  7346 | D        | Killed a titan
  7347 | D        | Identified the Catalogue of Dislocated Snow
  7386 | D        | Got a silver rune of Zot
  7456 | D        | Noticed Nikola
  7488 | D        | Killed Nikola
  7502 | D        | Noticed Mennas
  7628 | D        | Killed Mennas
  7628 | D        | Received a gift from Okawaru
  7629 | D        | Reached skill level 15 in Throwing
  7632 | D        | Got a pair of crude boots {god gift}
  7643 | D        | Identified the -1 pair of boots of the Silversmith {rC+}
                  | (Okawaru gifted it to you in the Dungeon)
  7749 | D        | Got the ring of the Establishment {Int+5 Dex+3}
  7751 | D        | Got the ring "Huat" {+Fly rC+ MP+9 Int-4 SInv}
  7753 | D        | Got the amulet of the Traitor {RegenMP *Corrode rElec rPois
                  | Str+7}
  7755 | D        | Got the ring of the Shouting Pariah {rC+ Int+3 Slay+2}
  7757 | D        | Got the ring of Nobility {*Corrode rElec rF+ Str+9 Int+3}
  7876 | D        | Noticed Kirke
  7897 | D        | Killed Kirke
  7920 | D        | Noticed Aizul
  7933 | D        | Killed Aizul
  7992 | D        | Noticed a golden dragon
  8014 | D        | Reached XP level 18. HP: 140/145 MP: 20/20
  8035 | D        | Killed a golden dragon
  8040 | D        | Reached skill level 27 in Armour
  8174 | D        | Noticed a golden dragon
  8196 | D        | Noticed a golden dragon
  8210 | D        | Killed a golden dragon
  8211 | D        | Reached skill level 5 in Invocations
  8246 | D        | Killed a golden dragon
  8255 | D        | Received a gift from Okawaru
  8301 | D        | Reached skill level 15 in Dodging
  8331 | D        | Received a gift from Okawaru
  8376 | D        | Noticed a tentacled monstrosity
  8377 | D        | Noticed a tentacled monstrosity
  8381 | D        | Killed a tentacled monstrosity
  8387 | D        | Killed a tentacled monstrosity
  8405 | D        | Noticed a golden dragon
  8411 | D        | Killed a golden dragon
  8440 | D        | Noticed a tentacled monstrosity
  8440 | D        | Noticed a tentacled monstrosity
  8440 | D        | Noticed a tentacled monstrosity
  8459 | D        | Killed a tentacled monstrosity
  8460 | D        | Reached XP level 19. HP: 151/151 MP: 19/24
  8463 | D        | Killed a tentacled monstrosity
  8471 | D        | Killed a tentacled monstrosity
  8481 | D        | Received a gift from Okawaru
  8636 | D        | Received a gift from Okawaru
  8716 | D        | Received a gift from Okawaru
  8764 | D        | Noticed a golden dragon
  8764 | D        | Noticed a tentacled monstrosity
  8770 | D        | Killed a tentacled monstrosity
  8771 | D        | Reached skill level 10 in Invocations
  8788 | D        | Killed a golden dragon
  8798 | D        | Reached skill level 10 in Long Blades
  8811 | D        | Noticed an ancient lich
  8820 | D        | Killed an ancient lich
  8823 | D        | Noticed an orb of fire
  8823 | D        | Gained mutation: You tend to lose your temper in combat.
                  | [an orb of fire]
  8824 | D        | Gained mutation: You occasionally shout uncontrollably at
                  | your foes. [an orb of fire]
  8825 | D        | Gained mutation: You are dopey. (Int -2) [an orb of fire]
  8826 | D        | Gained mutation: Scrolls take you a little longer to read.
                  | [an orb of fire]
  8834 | D        | Killed an orb of fire
  8835 | D        | Lost mutation: You occasionally shout uncontrollably at
                  | your foes. [potion of mutation]
  8835 | D        | Lost mutation: Scrolls take you a little longer to read.
                  | [potion of mutation]
  8835 | D        | Lost mutation: You tend to lose your temper in combat.
                  | [potion of mutation]
  8835 | D        | Lost mutation: You are dopey. (Int -2) [potion of mutation]
  8835 | D        | Gained mutation: You have supernaturally acute eyesight.
                  | (SInv) [potion of mutation]
  8835 | D        | Gained mutation: Your natural rate of healing is unusually
                  | fast. [potion of mutation]
  8835 | D        | Gained mutation: You have a pair of small horns on your
                  | head. [potion of mutation]
  8837 | D        | Noticed an electric golem
  8846 | D        | Killed an electric golem
  8847 | D        | Reached XP level 20. HP: 136/157 MP: 32/32
  8849 | D        | Noticed an electric golem
  8849 | D        | Noticed an ancient lich
  8849 | D        | Noticed an electric golem
  8850 | D        | Noticed an orb of fire
  8852 | D        | Killed an orb of fire
  8859 | D        | Noticed an orb of fire
  8863 | D        | Noticed a Brimstone Fiend
  8869 | D        | Reached skill level 15 in Long Blades
  8870 | D        | Killed an electric golem
  8871 | D        | Killed an ancient lich
  8871 | D        | Received a gift from Okawaru
  8875 | D        | Gained mutation: You are frail. (-10% HP) [an orb of fire]
  8879 | D        | Noticed an orb of fire
  8883 | D        | Killed an electric golem
  8885 | D        | Gained mutation: You are weak. (Str -2) [an orb of fire]
  8890 | D        | Gained mutation: Your body sometimes deteriorates upon
                  | taking damage. [an orb of fire]
  8941 | D        | Gained mutation: You are clumsy. (Dex -2) [an orb of fire]
  9105 | D        | Lost mutation: You are weak. (Str -2) [an orb of fire]
  9111 | D        | Killed an orb of fire
  9209 | D        | Gained mutation: Potions are less effective at restoring
                  | your health. [an orb of fire]
  9226 | D        | Killed an orb of fire
  9226 | D        | Received a gift from Okawaru
  9229 | D        | Got a pitted long sword {god gift}
  9230 | D        | Identified the +1 long sword of Hospitality {vorpal, Int+4
                  | Dex+4} (Okawaru gifted it to you in the Dungeon)
  9272 | D        | Noticed an ancient lich
  9273 | D        | Noticed a Killer Klown
  9273 | D        | Noticed an electric golem
  9289 | D        | Killed an ancient lich
  9313 | D        | Killed a Killer Klown
  9322 | D        | Killed an electric golem
  9371 | D        | Received a gift from Okawaru
  9448 | D        | Reached XP level 21. HP: 146/146 MP: 37/37
  9473 | D        | Lost mutation: You are frail. (-10% HP) [potion of
                  | mutation]
  9473 | D        | Lost mutation: You have a pair of small horns on your head.
                  | [potion of mutation]
  9473 | D        | Lost mutation: Potions are less effective at restoring your
                  | health. [potion of mutation]
  9473 | D        | Lost mutation: Your body sometimes deteriorates upon taking
                  | damage. [potion of mutation]
  9473 | D        | Gained mutation: Your spells are a little easier to cast,
                  | but a little less powerful. [potion of mutation]
  9473 | D        | Gained mutation: Your movements are slightly less
                  | encumbered by armour. (ER -2) [potion of mutation]
  9473 | D        | Gained mutation: You are somewhat resistant to further
                  | mutation. [potion of mutation]
  9562 | D        | Noticed an ancient lich
  9562 | D        | Noticed an ancient lich
  9566 | D        | Killed an ancient lich
  9567 | D        | Noticed an ancient lich
  9572 | D        | Noticed an ancient lich
  9582 | D        | Paralysed by an ancient lich for 5 turns
  9590 | D        | Killed an ancient lich
  9591 | D        | Reached skill level 27 in Invocations
  9594 | D        | Paralysed by a vampire knight for 5 turns
  9607 | D        | Killed an ancient lich
  9614 | D        | Killed an ancient lich
 10033 | D        | Reached skill level 27 in Long Blades
 10051 | D        | Received a gift from Okawaru
 10114 | D        | Received a gift from Okawaru
 10146 | D        | Got an elven rune of Zot
 10391 | D        | Noticed the Royal Jelly
 10398 | D        | Killed the Royal Jelly
 10399 | D        | Reached skill level 27 in Dodging
 10399 | D        | Reached XP level 22. HP: 151/169 MP: 39/39
 10402 | D        | Reached skill level 1 in Conjurations
 10402 | D        | Reached skill level 1 in Earth Magic
 10410 | D        | Reached skill level 1 in Unarmed Combat
 10410 | D        | Reached skill level 1 in Poison Magic
 10411 | D        | Reached skill level 1 in Crossbows
 10411 | D        | Reached skill level 1 in Fire Magic
 10411 | D        | Reached skill level 1 in Ice Magic
 10413 | D        | Paralysed by a floating eye for 3 turns
 10423 | D        | Reached skill level 1 in Short Blades
 10423 | D        | Reached skill level 1 in Axes
 10423 | D        | Reached skill level 1 in Polearms
 10423 | D        | Reached skill level 1 in Staves
 10423 | D        | Reached skill level 1 in Slings
 10423 | D        | Reached skill level 1 in Bows
 10423 | D        | Reached skill level 1 in Spellcasting
 10423 | D        | Reached skill level 1 in Hexes
 10423 | D        | Reached skill level 1 in Summonings
 10423 | D        | Reached skill level 1 in Necromancy
 10423 | D        | Reached skill level 1 in Translocations
 10423 | D        | Reached skill level 1 in Transmutations
 10423 | D        | Reached skill level 1 in Air Magic
 10441 | D        | Got a slimy rune of Zot
 10570 | D        | Reached skill level 5 in Stealth
 10574 | D        | Reached skill level 5 in Evocations
 10577 | D        | Reached skill level 5 in Staves
 10589 | D        | Paralysed by a sphinx for 6 turns
 10611 | D        | Received a gift from Okawaru
 10807 | D        | Reached skill level 27 in Throwing
 10968 | D        | Reached skill level 10 in Stealth
 11033 | D        | Noticed a royal mummy
 11033 | D        | Noticed a royal mummy
 11036 | D        | Noticed a royal mummy
 11037 | D        | Noticed a royal mummy
 11042 | D        | Noticed a royal mummy
 11043 | D        | Killed a royal mummy
 11044 | D        | Killed a royal mummy
 11049 | D        | Killed a royal mummy
 11050 | D        | Reached skill level 10 in Staves
 11051 | D        | Killed a royal mummy
 11052 | D        | Reached skill level 10 in Evocations
 11053 | D        | Killed a royal mummy
 11053 | D        | Received a gift from Okawaru
 11054 | D        | Reached skill level 27 in Shields
 11057 | D        | Got a golden rune of Zot
 11183 | D        | Got an abyssal rune of Zot
 11307 | D        | Noticed Geryon
 11315 | D        | Killed Geryon
 11316 | D        | Reached skill level 15 in Stealth
 11328 | D        | Identified the +6 sword of Cerebov {flame}
 11328 | D        | Noticed Cerebov
 11328 | D        | Noticed Gloorx Vloq
 11328 | D        | Noticed Mnoleg
 11340 | D        | Killed Gloorx Vloq
 11345 | D        | Noticed Lom Lobon
 11361 | D        | Killed Cerebov
 11362 | D        | Reached skill level 15 in Evocations
 11362 | D        | Reached XP level 23. HP: 173/175 MP: 40/40
 11371 | D        | Noticed Antaeus
 11433 | D        | Killed Antaeus
 11433 | D        | Received a gift from Okawaru
 11459 | D        | Killed Mnoleg
 11459 | D        | Received a gift from Okawaru
 11466 | D        | Identified the +4 staff of Dispater
 11466 | D        | Noticed Dispater
 11486 | D        | Killed Lom Lobon
 11499 | D        | Killed Dispater
 11533 | D        | Identified the +7 sceptre of Asmodeus
 11533 | D        | Noticed Asmodeus
 11556 | D        | Killed Asmodeus
 11618 | D        | Got a dark rune of Zot
 11622 | D        | Got a fiery rune of Zot
 11626 | D        | Got a glowing rune of Zot
 11630 | D        | Got a magical rune of Zot
 11634 | D        | Got an obsidian rune of Zot
 11636 | D        | Noticed Ereshkigal
 11661 | D        | Killed Ereshkigal
 11665 | D        | Got a bone rune of Zot
 11669 | D        | Got an iron rune of Zot
 11673 | D        | Got an icy rune of Zot
 12213 | D        | Got the Orb of Zot
 12227 | D        | Received a gift from Okawaru
 12230 | D        | Got a jewelled plate armour {god gift}
 12241 | D        | Identified the +2 plate armour of Mippirat {+Blink rF++ rN+
                  | Int-3} (Okawaru gifted it to you in the Dungeon)
 13132 | D        | Reached skill level 27 in Stealth
 13132 | D        | Reached XP level 24. HP: 181/181 MP: 40/40
 13274 | D        | Noticed Ujoibb the pandemonium lord
 13285 | D        | Killed Ujoibb the pandemonium lord
 14160 | D        | Escaped with the Orb!

Illustrated notes

Levels and vault maps discovered:
D:        linesprint [early_d, line_temple, items_1, d_10, items_2, lair_1,
          lair_end, items_3, orc_1, orc_end, items_4, d_15, swamp_1, shoals_1,
          snake_1, spider_1, d_20, vaults_1, items_5, swamp_end, shoals_end,
          snake_end, spider_end, vaults_end, d_27, items_6, zot_1, zot_end,
          crypt_end, forest_end, elf_end, slime_end, tomb_end, abyss_end,
          pan_hell_end]

Skill      XL: |  1  2  3  4  5  6  7  8  9 10 11 12 13 14 15 16 17 18 19 20 21 22 23 24 |
---------------+-------------------------------------------------------------------------+-----
Fighting       | 4 5 7 8 9 10 12 14 16 18 21 24 27 | 27.0
Maces & Flails | 3 6 7 9 11 13 15 17 18 19 20 22 24 27 | 27.0
Armour         | 4 5 6 7 8 9 11 13 14 15 17 21 26 27 | 27.0
Shields        | 4 5 6 7 8 9 10 11 14 15 18 20 21 27 | 27.0
Dodging        | 1 2 3 4 5 7 8 12 17 19 20 27 | 27.0
Stealth        | 1 2 3 19 27 | 27.0
Invocations    | 1 2 3 7 17 25 27 | 27.0
Throwing       | 2 4 8 15 23 26 27 | 27.0
Evocations     | 2 15 22 23 | 23.8
Long Blades    | 13 21 27 | 27.0
Conjurations   | 1 |  1.5
Earth Magic    | 1 |  1.7
Unarmed Combat | 1 |  1.4
Poison Magic   | 1 |  1.5
Crossbows      | 1 |  1.4
Fire Magic     | 1 |  1.3
Ice Magic      | 1 |  1.3
Short Blades   | 3 |  3.2
Axes           | 3 |  3.1
Polearms       | 3 |  3.1
Staves         | 16 23 25 | 25.6
Slings         | 2 |  2.2
Bows           | 1 |  1.2
Spellcasting   | 1 |  1.2
Hexes          | 1 |  1.2
Summonings     | 1 |  1.2
Necromancy     | 1 |  1.1
Translocations | 1 |  1.2
Transmutations | 1 |  1.2
Air Magic      | 1 |  1.1

Action                   |  1- 3 |  4- 6 |  7- 9 | 10-12 | 13-15 | 16-18 | 19-21 | 22-24 || total
-------------------------+-------+-------+-------+-------+-------+-------+-------+-------++-------
Melee: Flail             |    27 |     7 |       |       |       |       |       |       ||    34
       Morningstar       |       |    40 |   102 |   435 |   520 |       |       |       ||  1097
       Demon whip        |       |       |       |       |   426 |  1095 |   529 |    18 ||  2068
       Headbutt          |       |       |       |       |       |       |    57 |       ||    57
       Eudemon blade     |       |       |       |       |       |       |    82 |   404 ||   486
Throw: Javelin           |       |       |       |       |    13 |    29 |    19 |    21 ||    82
       Dart              |       |       |       |       |       |       |       |     2 ||     2
Invok: Heroism           |       |       |       |     1 |     2 |     1 |     2 |     4 ||    10
       Finesse           |       |       |       |       |       |       |     2 |     5 ||     7
Evoke: Wand              |       |       |       |     1 |     3 |       |       |     2 ||     6
       Horn of Geryon    |       |       |       |       |       |       |       |     1 ||     1
  Use: Potion            |       |     1 |     1 |     4 |     5 |     4 |     5 |     9 ||    29
       Scroll            |       |       |       |     1 |     2 |    21 |     2 |     1 ||    27
 Stab: Invisible         |       |       |       |     1 |     1 |       |       |       ||     2
Armor: Scale mail        |     9 |     1 |       |       |       |       |       |       ||    10
       Chain mail        |       |    26 |    36 |    67 |       |       |       |       ||   129
       Plate armour      |       |       |       |    51 |   313 |   234 |    20 |    42 ||   660
       Gold dragon scale |       |       |       |       |       |    29 |   106 |    95 ||   230
Dodge: Dodged            |     9 |    18 |    21 |    87 |   148 |   161 |    72 |    76 ||   592
Block: Kite shield       |     9 |    20 |    49 |   183 |   272 |       |       |       ||   533
       Tower shield      |       |       |       |       |   337 |   589 |   355 |   304 ||  1585
       Reflection        |       |       |       |       |       |     4 |     6 |     2 ||    12
       Rpst.: Eudemon blade |       |       |       |       |       |       |       |    12 ||    12

Table legend: (Time is in decaauts) A = Elapsed time spent in this place. B = Non-inter-level travel time spent in this place. C = Inter-level travel time spent in this place. D = Time resting spent in this place. E = Time spent auto-exploring this place. F = Levels seen in this place. G = Mean time per level. A B C D E F G +--------+--------+--------+--------+--------+-----+--------+ Total | 12714 | 11021 | 1693 | 2896 | 2614 | 1 | 12714.0 | Dungeon | 12714 | 11021 | 1693 | 2896 | 2614 | 1 | 12714.0 | +--------+--------+--------+--------+--------+-----+--------+

Top non-repeatable levels by time:
       D: 12714 daAuts
